 Dungeon Sprint DCSS version 0.18-a0-1797-gc18daef (webtiles) character file.

104743 Kidiri the Executioner (level 16, -19/166 HPs)
             Began as a Naga Fighter on Apr 22, 2016.
             Was the Champion of Cheibriados.
             Killed from afar by an orb of fire (33 damage)
             ... with a fireball
             ... in the Dungeon (Sprint V: "Ziggurat Sprint").
             The game lasted 00:34:49 (2655 turns).

Kidiri the Executioner (Naga Fighter)               Turns: 2655, Time: 00:34:50

Health: -19/166    AC: 49    Str: 52    XL:     16   Next: 39%
Magic:  11/25      EV: 16    Int: 25    God:    Cheibriados [******]
Gold:   0          SH: 38    Dex: 27    Spells: 0 memorised, 15 levels left

rFire  . . .     SeeInvis +     a - +14 obsidian axe {chop, +Fly Str+3 SInv *Curse} (curse)
rCold  . . .     Gourm    .     b - +15 Maxwell's patent armour {-Cast -Tele rElec MR+ rCorr}
rNeg   + . .     Faith    +     c - +18 shield of the gong {rElec rN+ MR+ EV-5}
rPois  +         Spirit   .     z - +2 helmet {Int+3}
rElec  +         Dismiss  .     O - +2 cloak {rPois}
rCorr  +         Reflect  .     (no gloves)
SustAt .         Harm     .     (no barding)
MR     ++++.     NoTele   +     K - amulet "Puzouj" {Faith rPois Str+6}
Stlth  .......... NoCast   +    m - ring of Hupoatixt {Wiz Fragile rElec rPois Str+4}
                                o - ring of Robustness {AC+8}

@: mesmerised, studying Slings, very slow, incredibly resistant to hostile
enchantments, extremely unstealthy
A: see invisible, deformed body, deterioration 1, low mp 1, poison resistance,
slowness 2, slow metabolism 1, spit poison 2, weak 1, constrict 1, AC +5
a: Spit Poison, Bend Time, Temporal Distortion, Slouch, Step From Time, Renounce
Religion, Evoke Flight


You were in the Dungeon.
You worshipped Cheibriados.
Cheibriados was exalted by your worship.
You were not hungry.

You visited 1 branch

Inventory:

Hand Weapons
 a - the cursed +14 obsidian axe (weapon) {chop, +Fly Str+3 SInv *Curse}
   (You found it in the Dungeon)

   It inflicts extra damage upon your enemies.
   It affects your strength (+3).
   It lets you see invisible.
   It lets you fly.
   It may re-curse itself when equipped.
   It has a curse placed upon it.
Armour
 b - the +15 Maxwell's patent armour (worn) {-Cast -Tele rElec MR+ rCorr}
   (You found it in the Dungeon)

   It insulates you from electricity.
   It affects your resistance to hostile enchantments.
   It prevents spellcasting.
   It prevents most forms of teleportation.
   It protects you from acid and corrosion.
 c - the +18 shield of the gong (worn) {rElec rN+ MR+ EV-5}
   (You found it in the Dungeon)

   It affects your evasion (-5).
   It insulates you from electricity.
   It protects you from negative energy.
   It affects your resistance to hostile enchantments.
 z - a +2 helmet of intelligence (worn)
 O - a +2 cloak of poison resistance (worn)
Jewellery
 j - an uncursed ring of fire
 m - the ring of Hupoatixt (right hand) {Wiz Fragile rElec rPois Str+4}
   (You found it in the Dungeon)

   [ring of wizardry]

   It improves your spell success rate.
   It affects your strength (+4).
   It insulates you from electricity.
   It protects you from poison.
   It will be destroyed if unequipped.
 o - the ring of Robustness (left hand) {AC+8}
   (You found it in the Dungeon)

   [ring of protection]

   It affects your AC (+8).
 K - the amulet "Puzouj" (around neck) {Faith rPois Str+6}
   (You found it in the Dungeon)

   [amulet of faith]

   It allows you to gain divine favour quickly.
   It affects your strength (+6).
   It protects you from poison.
Wands
 r - a wand of disintegration (7/24)
 s - a wand of iceblast (5/15)
 t - a wand of lightning (5/15)
 u - a wand of acid (5/15)
Scrolls
 k - 4 scrolls of blinking
 n - 6 scrolls of brand weapon
 y - 4 scrolls of amnesia
 B - 3 scrolls of recharging
 C - 7 scrolls of fog
 D - a scroll of holy word
 E - a scroll of identify
 F - 5 scrolls of remove curse
 G - 2 scrolls of fear
 M - 6 scrolls of enchant armour
Potions
 d - 6 potions of might
 e - 10 potions of curing
 g - 7 potions of heal wounds
 i - 6 potions of magic
 v - 2 potions of brilliance
 w - 2 potions of invisibility
 x - 4 potions of resistance
 A - 5 potions of agility
Books
 p - a manual of Slings
Miscellaneous
 h - a plain deck of summoning {drawn: 2}
 l - a plain deck of changes {drawn: 1}
 q - a plain deck of defence {drawn: 1}
 J - a plain deck of destruction {drawn: 1}
 Q - a legendary deck of wonders {the Alchemist}
 R - a plain deck of changes {drawn: 1}
 S - a plain deck of changes {drawn: 1}
 T - a legendary deck of wonders {drawn: 2}
Comestibles
 f - 5 bread rations
 H - 42 fruits
 I - 3 meat rations


   Skills:
 + Level 16.5 Fighting
 * Level 21.8 Axes
 * Level 18.9 Armour
 + Level 13.9 Dodging
 * Level 18.9 Shields
 + Level 17.2 Invocations


You had 15 spell levels left.
You didn't know any spells.

Dungeon Overview and Level Annotations

Branches:
Dungeon (1/1)

Altars:
Ashenzari
Cheibriados
Dithmenos
Elyvilon
Fedhas
Gozag
Kikubaaqudgha
Makhleb
Nemelex Xobeh
Okawaru
Pakellas
Qazlal
Ru
Sif Muna
Trog
Vehumet
Xom
Yredelemnul
Zin
The Shining One
Beogh
Jiyva
Lugonu


Innate Abilities, Weirdness & Mutations

You cannot wear boots.
Your serpentine skin is tough (AC +5).
You have supernaturally acute eyesight.
Armour fits poorly on your strangely shaped body.
Your system is resistant to poisons.
You cover ground very slowly.
You have a slow metabolism.
You can spit poison.
You can use your snake-like lower body to constrict enemies.
Your body sometimes deteriorates upon taking damage.
Your magical capacity is low (-10% MP).
You are weak. (Str -2)


Message History

* * * LOW HITPOINT WARNING * * *
The fire giant is engulfed in roaring flames.
The fire dragon is engulfed in roaring flames. 2 fire elementals and an efreet come into view.
Unknown command.
You can feel time thicken for a moment.
You kill the balrug!
Cheibriados thoroughly appreciates the change of pace.
You kill the balrug!
Cheibriados thoroughly appreciates the change of pace.
You kill the fire dragon!
Cheibriados appreciates the change of pace.
You destroy the fire elemental!
Cheibriados thoroughly appreciates the change of pace.
You destroy the fire elemental!
Cheibriados thoroughly appreciates the change of pace.
You feel somewhat more hungry.
The orb of fire glows red.
The fireball explodes!
The fireball engulfs you!
You die...

.......
..)§"R[§}§:§=..
▓▓▓▓▓▓▓▓
.....2§CDC)§§..
▓......8
..C†..§.C.D§*..
▓..)[|}.
.......CC..)...
▓..[|)))
.......).......
▓......:
...§..)*.......
▓.......
...............
▓.....))
.......@.......
▓.....))
...............
▓.....).
...............
▓....)))
...............
▓....).)
..▓.........▓..
▓...▓...
...............
▓..▓▓▓..
.........§.....
▓...▓...
...............
▓.......
▓▓▓▓▓▓▓▓▓▓▓▓▓▓▓
▓.......


You could see 2 orbs of fire, 6 fire giants, 2 fire dragons, a balrug and an
efreet.

Vanquished Creatures
  4 titans (D)
  A shadow dragon (D)
  3 frost giants (D)
  2 greater nagas (D)
  8 fire giants (D)
  A ghost moth (D)
  2 balrugs (D)
  An emperor scorpion (D)
  A draconian zealot (D)
  A draconian scorcher (D)
  A ghoul (D)
  2 very ugly things (D)
  3 draconian callers (D)
  4 green draconians (D)
  4 mottled draconians (D)
  8 stone giants (D)
  3 black draconians (D)
  5 white draconians (D)
  A purple draconian (D)
  A yellow draconian (D)
  3 red draconians (D)
  A blizzard demon (D)
  3 ettins (D)
  An ice dragon (D)
  A fire dragon (D)
  A hydra (D)
  An anaconda (shapeshifter) (D)
  An anaconda (D)
  2 hell hogs (D)
  2 death yaks (D)
  A hell hog (shapeshifter) (D)
  7 soul eaters (D)
  A sea snake (shapeshifter) (D)
  A hill giant (D)
  An anubis guard (shapeshifter) (D)
  An orb spider (D)
  2 hornets (D)
  A shining eye (D)
  A salamander (shapeshifter) (D)
  2 wolf spiders (D)
  2 ugly things (D)
  2 cyclopes (D)
  A moth of wrath (D)
  3 draconians (D)
  An octopode (shapeshifter) (D)
  4 naga magi (D)
  A guardian serpent (shapeshifter) (D)
  A guardian serpent (D)
  3 black mambas (D)
  An elephant (D)
  2 spiny frogs (D)
  2 torpor snails (D)
  3 efreet (D)
  6 komodo dragons (D)
  A demonic crawler (D)
  An ice devil (D)
  A troll (shapeshifter) (D)
  2 jumping spiders (D)
  A blink frog (D)
  A red devil (D)
  A two-headed ogre (shapeshifter) (D)
  A snapping turtle (shapeshifter) (D)
  A flying skull (D)
  2 redbacks (D)
  A spriggan (shapeshifter) (D)
  A wyvern (D)
  2 redbacks (shapeshifter) (D)
  2 shadows (D)
  A tarantella (D)
  4 fire elementals (D)
  2 yaks (D)
  A basilisk (shapeshifter) (D)
  3 basilisks (D)
  A hippogriff (D)
  3 neqoxecs (D)
  A swamp worm (shapeshifter) (D)
  3 nagas (D)
  A hell hound (D)
  4 porcupines (D)
  4 water moccasins (D)
  2 black bears (D)
  3 phantoms (D)
  4 wolves (D)
  4 crocodiles (D)
  2 giant frogs (D)
  A scorpion (D)
  3 wights (D)
  A crimson imp (D)
  2 quasits (D)
  3 orc priests (D)
  2 iguanas (D)
  2 sheep (D)
  2 adders (D)
  2 river rats (D)
  3 shadow imps (D)
  2 white imps (D)
  2 spectral adders (D)
  5 adder zombies (D)
  5 adder skeletons (D)
  3 orcs (D)
  3 bat skeletons (D)
  3 bat zombies (D)
  A jackal (D)
  2 ball pythons (D)
  A giant cockroach zombie (D)
  A giant gecko skeleton (D)
  A giant gecko zombie (D)
  2 jackal skeletons (D)
  4 quokka zombies (D)
  A spectral jackal (D)
  3 fire vortices (D)
243 creatures vanquished.

Vanquished Creatures (collateral kills)
  An emperor scorpion (D)
  A ghoul (D)
  3 naga warriors (D)
  A naga mage (D)
  A guardian serpent (D)
  A jumping spider (D)
  A hungry ghost (D)
  A neqoxec (D)
  A naga (D)
  A bat skeleton (D)
  A spectral quokka (D)
13 creatures vanquished.

Vanquished Creatures (others)
  A draconian caller (D)
  A bat zombie (D)
  A quokka zombie (D)
3 creatures vanquished.

Grand Total: 259 creatures vanquished

Notes
Turn   | Place    | Note
--------------------------------------------------------------
     0 | D        | Kidiri the Naga Fighter began the quest for the Orb.
     0 | D        | Reached XP level 1. HP: 21/21 MP: 1/1
     0 | D        | Found a viscous altar of Jiyva.
     0 | D        | Found a roughly hewn altar of Beogh.
     0 | D        | Found a corrupted altar of Lugonu.
     0 | D        | Found a white marble altar of Elyvilon.
     0 | D        | Found a sparkling altar of Nemelex Xobeh.
     3 | D        | Found a burning altar of Makhleb.
     3 | D        | Found a deep blue altar of Sif Muna.
     3 | D        | Found a bloodstained altar of Trog.
     3 | D        | Found an iron altar of Okawaru.
     3 | D        | Found a radiant altar of Vehumet.
    54 | D        | Found a shimmering altar of Xom.
    84 | D        | Became a worshipper of Cheibriados the Contemplative
    88 | D        | Reached skill level 4 in Axes
    88 | D        | Reached skill level 1 in Dodging
    88 | D        | Reached XP level 2. HP: 30/30 MP: 1/3
   109 | D        | Entered arena 1.
   118 | D        | Entered arena 2.
   118 | D        | Noticed a black bear
   118 | D        | Noticed a black bear
   118 | D        | Noticed a wolf
   120 | D        | Noticed a vampire mosquito
   122 | D        | Killed a wolf
   122 | D        | Reached * piety under Cheibriados
   122 | D        | Reached skill level 5 in Axes
   122 | D        | Reached XP level 3. HP: 37/37 MP: 3/5
   122 | D        | Reached XP level 4. HP: 45/45 MP: 3/6
   122 | D        | Killed a black bear
   122 | D        | Reached ** piety under Cheibriados
   122 | D        | Reached skill level 5 in Armour
   122 | D        | Reached skill level 5 in Shields
   122 | D        | Reached XP level 5. HP: 51/51 MP: 3/7
   122 | D        | Killed a black bear
   122 | D        | Reached skill level 5 in Fighting
   122 | D        | Reached skill level 6 in Axes
   122 | D        | Reached XP level 6. HP: 61/61 MP: 3/9
   165 | D        | Entered arena 3.
   165 | D        | Noticed a jumping spider
   165 | D        | Noticed a jumping spider
   165 | D        | Noticed a tarantella
   168 | D        | Reached *** piety under Cheibriados
   168 | D        | Killed a jumping spider
   168 | D        | Reached skill level 7 in Axes
   168 | D        | Reached skill level 5 in Invocations
   168 | D        | Reached XP level 7. HP: 57/68 MP: 9/11
   170 | D        | Killed a tarantella
   170 | D        | Reached **** piety under Cheibriados
   174 | D        | Killed a jumping spider
   174 | D        | Reached skill level 8 in Axes
   209 | D        | Entered arena 4.
   211 | D        | Reached XP level 8. HP: 75/78 MP: 12/12
   211 | D        | Reached ***** piety under Cheibriados
   263 | D        | Entered arena 5.
   263 | D        | Noticed a white draconian
   263 | D        | Noticed a draconian
   263 | D        | Noticed a red draconian
   263 | D        | Noticed a draconian
   263 | D        | Noticed a draconian
   266 | D        | Killed a draconian
   266 | D        | Reached skill level 9 in Axes
   266 | D        | Reached skill level 5 in Dodging
   269 | D        | Killed a draconian
   269 | D        | Reached XP level 9. HP: 72/86 MP: 12/14
   271 | D        | Killed a white draconian
   271 | D        | Reached skill level 10 in Axes
   275 | D        | Killed a red draconian
   275 | D        | Reached skill level 11 in Axes
   275 | D        | Reached XP level 10. HP: 75/97 MP: 13/16
   275 | D        | Killed a draconian
   275 | D        | Reached ****** piety under Cheibriados
   281 | D        | Got the ring of Hupoatixt {Wiz Fragile rElec rPois Str+4}
   346 | D        | Entered arena 6.
   495 | D        | Entered arena 7.
   495 | D        | Noticed a shining eye
   495 | D        | Noticed a white ugly thing
   495 | D        | Noticed a salamander
   498 | D        | Gained mutation: You are dopey. (Int -2) [a neqoxec]
   501 | D        | Gained mutation: You are weak. (Str -2) [a shining eye]
   502 | D        | Killed a shining eye
   502 | D        | Reached skill level 10 in Armour
   502 | D        | Reached skill level 10 in Shields
   503 | D        | Killed a salamander
   503 | D        | Killed a white ugly thing
   574 | D        | Entered arena 8.
   583 | D        | Reached skill level 12 in Axes
   596 | D        | Entered arena 9.
   615 | D        | Got the ring "Haere" {-Tele *Contam MR+++ EV+5}
   657 | D        | Entered arena 10.
   661 | D        | Reached XP level 11. HP: 97/106 MP: 12/18
   688 | D        | Entered arena 11.
   688 | D        | Noticed an anaconda
   688 | D        | Noticed a naga warrior
   688 | D        | Identified a +2 rod of shadows (8/13)
   689 | D        | Noticed a naga warrior
   693 | D        | Killed an anaconda
   697 | D        | Reached skill level 10 in Invocations
   697 | D        | Reached skill level 13 in Axes
   697 | D        | Killed a naga warrior
   697 | D        | Reached skill level 10 in Fighting
   701 | D        | Killed a naga warrior
   776 | D        | Entered arena 12.
   776 | D        | Noticed a blizzard demon
   777 | D        | Noticed an ice dragon
   782 | D        | Killed a blizzard demon
   784 | D        | HP: 5/110 [ice dragon/blast of cold (26)]
   785 | D        | Killed an ice dragon
   795 | D        | Got the amulet "Puzouj" {Faith rPois Str+6}
   800 | D        | Got the ring "Bekkun" {rPois Str+5}
  1132 | D        | Entered arena 13.
  1138 | D        | Reached XP level 12. HP: 73/118 MP: 15/20
  1138 | D        | Reached skill level 14 in Axes
  1272 | D        | Entered arena 14.
  1274 | D        | Noticed an emperor scorpion
  1274 | D        | Noticed a ghost moth
  1274 | D        | Noticed an emperor scorpion
  1276 | D        | Killed a ghost moth
  1281 | D        | Killed an emperor scorpion
  1281 | D        | Reached skill level 15 in Axes
  1283 | D        | Killed an emperor scorpion
  1332 | D        | Entered arena 15.
  1369 | D        | Entered arena 16.
  1372 | D        | Noticed a greater naga
  1372 | D        | Noticed a naga warrior
  1373 | D        | Noticed a greater naga
  1379 | D        | Killed a greater naga
  1379 | D        | Gained mutation: You can use your snake-like lower body to constrict enemies. [Naga growth]
  1379 | D        | Reached XP level 13. HP: 89/129 MP: 10/22
  1380 | D        | Killed a greater naga
  1394 | D        | Got the amulet of Tiwom {*Confuse +Rage MP+9 Str+4}
  1401 | D        | Got the ring "Fobusac" {Int+6 Dex-2 Stlth+}
  1497 | D        | Got the cursed ring of Balance {Int-2 Dex+2}
  1501 | D        | Entered arena 17.
  1505 | D        | Noticed a purple very ugly thing
  1505 | D        | Noticed a white very ugly thing
  1506 | D        | Reached skill level 16 in Axes
  1506 | D        | Reached skill level 10 in Dodging
  1507 | D        | Noticed an ettin
  1507 | D        | a giant leech changed into an ettin
  1508 | D        | Killed a purple very ugly thing
  1509 | D        | Killed a white very ugly thing
  1510 | D        | Noticed a great orb of eyes
  1510 | D        | an ettin changed into a great orb of eyes
  1512 | D        | a great orb of eyes changed into a giant orange brain
  1544 | D        | Got the ring of Desertification {Ice *Contam rPois SInv}
  1584 | D        | Entered arena 18.
  1590 | D        | Reached skill level 17 in Axes
  1757 | D        | Got the ring of Tocw {Str+2 Int+4 Dex+4 Slay+2 Stlth+}
  1878 | D        | Entered arena 19.
  1883 | D        | Noticed a ghoul
  1884 | D        | Noticed a shadow dragon
  1884 | D        | Noticed a ghoul
  1887 | D        | Drew Focus: Str increased to 24, Int decreased to 7
  1889 | D        | Gained mutation: Your body sometimes deteriorates upon taking damage. [helix card]
  1892 | D        | Reached skill level 15 in Armour
  1892 | D        | Reached XP level 14. HP: 125/141 MP: 24/24
  1895 | D        | Killed a ghoul
  1898 | D        | Killed a shadow dragon
  1898 | D        | Reached skill level 15 in Shields
  1901 | D        | Killed a ghoul
  1927 | D        | Got the ring of the Invisible Hand {Fire rElec rPois MP+9}
  1980 | D        | Entered arena 20.
  1984 | D        | Noticed a green draconian
  1984 | D        | Noticed a green draconian
  1984 | D        | Noticed a red draconian caller
  1985 | D        | Noticed a golden dragon
  1985 | D        | Noticed a black draconian
  1985 | D        | Noticed a white draconian caller
  1985 | D        | Noticed a purple draconian
  1985 | D        | Noticed a black draconian
  1985 | D        | Noticed a mottled draconian zealot
  1985 | D        | Noticed a red draconian
  1985 | D        | Noticed a purple draconian caller
  1985 | D        | Noticed a mottled draconian
  1985 | D        | Noticed a yellow draconian
  1985 | D        | Noticed a green draconian
  1985 | D        | Noticed a mottled draconian scorcher
  1985 | D        | Noticed a black draconian
  1985 | D        | Noticed a black draconian caller
  1985 | D        | Noticed a mottled draconian
  1985 | D        | Noticed a red draconian
  1985 | D        | Noticed a white draconian
  1985 | D        | Noticed a white draconian
  1986 | D        | Noticed a green draconian
  1987 | D        | Noticed a mottled draconian
  1987 | D        | Noticed a mottled draconian
  1988 | D        | Lost mutation: You are dopey. (Int -2) [helix card]
  1988 | D        | Gained mutation: Your magical capacity is low (-10% MP). [helix card]
  1989 | D        | Noticed a white draconian
  1991 | D        | Noticed a white draconian
  1992 | D        | Killed a red draconian caller
  1993 | D        | Killed a green draconian
  1993 | D        | Reached skill level 18 in Axes
  1994 | D        | Noticed a shadow dragon
  1994 | D        | Killed a black draconian
  1994 | D        | Killed a green draconian
  1994 | D        | Killed a mottled draconian zealot
  1994 | D        | Killed a mottled draconian scorcher
  1994 | D        | Killed a purple draconian caller
  1995 | D        | Killed a red draconian
  1995 | D        | Killed a green draconian
  1995 | D        | Killed a yellow draconian
  1995 | D        | Killed a black draconian caller
  1995 | D        | Killed a white draconian caller
  1995 | D        | Killed a mottled draconian
  1995 | D        | Killed a purple draconian
  1995 | D        | Killed a mottled draconian
  1995 | D        | Killed a green draconian
  1995 | D        | Reached skill level 19 in Axes
  1995 | D        | Killed a white draconian
  1995 | D        | Killed a mottled draconian
  1995 | D        | Killed a white draconian
  1995 | D        | Reached skill level 15 in Invocations
  1995 | D        | Reached XP level 15. HP: 68/152 MP: 7/23
  2339 | D        | Entered arena 21.
  2343 | D        | Noticed a frost giant
  2343 | D        | Noticed a fire giant
  2343 | D        | Noticed a fire giant
  2343 | D        | Noticed a fire giant
  2343 | D        | Noticed a fire giant
  2343 | D        | Noticed a fire giant
  2343 | D        | Noticed a fire giant
  2343 | D        | Noticed a titan
  2343 | D        | Noticed a fire giant
  2343 | D        | Noticed a frost giant
  2344 | D        | Noticed a titan
  2344 | D        | Noticed a frost giant
  2344 | D        | Noticed a fire giant
  2344 | D        | Noticed a titan
  2345 | D        | Noticed a titan
  2347 | D        | Killed a fire giant
  2347 | D        | Reached skill level 15 in Fighting
  2348 | D        | Killed a fire giant
  2348 | D        | Killed a fire giant
  2348 | D        | Reached skill level 20 in Axes
  2348 | D        | Killed a frost giant
  2348 | D        | Killed a fire giant
  2348 | D        | Killed a fire giant
  2348 | D        | Killed a fire giant
  2348 | D        | Killed a fire giant
  2348 | D        | Killed a fire giant
  2349 | D        | Killed a frost giant
  2349 | D        | Reached skill level 21 in Axes
  2349 | D        | Reached XP level 16. HP: 52/165 MP: 3/25
  2349 | D        | Killed a titan
  2352 | D        | Killed a titan
  2352 | D        | Killed a titan
  2355 | D        | Killed a titan
  2645 | D        | Entered arena 22.
  2652 | D        | Noticed an orb of fire
  2653 | D        | Noticed an orb of fire
  2655 | D        | Killed from afar by an orb of fire

Vault maps used:
D:        sprint_v

Skill      XL: |  1  2  3  4  5  6  7  8  9 10 11 12 13 14 15 16 |
---------------+-------------------------------------------------+-----
Axes           | 4 5 6 7 8 9 11 12 13 15 17 19 21 | 21.8
Armour         | 3 4 5 6 7 8 9 10 12 13 15 16 18 | 18.9
Dodging        | 1 2 3 4 5 6 7 8 9 10 12 13 | 13.9
Shields        | 3 4 5 6 7 8 9 10 12 13 14 16 18 | 18.9
Invocations    | 2 3 4 5 6 7 8 9 10 12 13 15 16 17 | 17.2
Fighting       | 4 5 6 7 8 9 10 12 13 14 15 16 | 16.5

Action                   |  1- 3 |  4- 6 |  7- 9 | 10-12 | 13-15 | 16-18 || total
-------------------------+-------+-------+-------+-------+-------+-------++-------
Melee: Broad axe         |     3 |     3 |    19 |    72 |    37 |     2 ||   136
       Constrict         |       |       |       |       |     9 |       ||     9
Invok: Slouch            |       |       |       |     8 |    15 |     4 ||    27
Evoke: Deck              |     1 |       |       |     1 |     7 |       ||     9
  Use: Potion            |     1 |       |       |     1 |     1 |     2 ||     5
       Scroll            |     1 |       |       |     3 |     1 |     1 ||     6
 Stab: Distracted        |       |       |     2 |     2 |       |       ||     4
       Invisible         |       |       |       |       |     2 |       ||     2
  Eat: Chunk             |       |       |       |     1 |     1 |       ||     2
       Meat ration       |       |       |       |       |     1 |       ||     1
Armor: Plate armour      |     8 |     7 |    10 |    62 |    28 |     4 ||   119
Dodge: Dodged            |       |     1 |     1 |    33 |    25 |     3 ||    63
Block: Shield            |    10 |    11 |    43 |   198 |   101 |     3 ||   366
